 Dungeon Crawl Stone Soup version 0.32-a0-43-g058985b245 (webtiles) character file.

Game seed: 9658082317743034155

647 timneilson the Ruffian (level 7, -2/46 HPs)
             Began as an Octopode Shapeshifter on Feb 4, 2024.
             Was an Initiate of Gozag.
             Slain by an orc
             ... wielding a +2 trident of venom
              (4 damage)
             ... on level 5 of the Dungeon.
             The game lasted 00:05:13 (3452 turns).

timneilson the Ruffian (Octopode Shapeshifter)      Turns: 3452, Time: 00:05:14

Health: -2/46      AC:  1    Str: 21    XL:     7   Next: 52%
Magic:  7/7        EV: 14    Int: 12    God:    Gozag
Gold:   310        SH:  0    Dex: 12    Spells: 6/6 levels left

rFire   + .          .
                       - Unarmed
rCold   + . .        (no shield)
rNeg    + . .        (helmet currently unavailable)
rPois   .            e - amulet of regeneration
rElec   .            g - ring of protection from cold
rCorr   .            k - +6 ring of strength
SInv    .            m - ring of Udiud {rF+ rN+}
Will    .....        r - ring of flight
Stlth   +++          (no ring)
HPRegen 1.07/turn    (no ring)
MPRegen 0.10/turn    (no ring)
                     (no ring)

%: no passive effects
@: lethally poisoned (-2 -> -11), beast-form, gold aura, flying
A: beast (slay +2), almost no armour, amphibious, 8 rings, camouflage 1,
gelatinous body 1, (nimble swimmer 1), tentacles
a: Begin Untransformation, Renounce Religion, Potion Petition, Call Merchant,
Bribe Branch


You were on level 5 of the Dungeon.
You worshipped Gozag.
Gozag was aware of your devotion.
You were a hulking beast.
You visited 2 branches of the dungeon, and saw 6 of its levels.

You collected 345 gold pieces.
You paid 35 gold pieces to Gozag.

Inventory:

Missiles
 i - 7 poisoned darts (quivered)
Jewellery
 e - an amulet of regeneration (around mantle)
 g - a ring of protection from cold (left tentacle)
 k - a +6 ring of strength (right tentacle)
 m - the ring of Udiud (on tentacle) {rF+ rN+}
   (You acquired it on level 2 of the Dungeon)

   [ring of protection from fire]

   rF+:       It protects you from fire.
   rN+:       It protects you from negative energy.
 r - a ring of flight (on tentacle)
Talismans
 b - a beast talisman
 c - a flux talisman
Wands
 d - a wand of roots (10)
Scrolls
 f - a scroll of enchant weapon
 h - a scroll of enchant armour {unknown}
 l - a scroll of fear
 q - a scroll of immolation
 s - a scroll of identify
 t - a scroll of poison {unknown}
Potions
 a - 3 potions of lignification
 j - a potion of magic {unknown}
 n - 2 potions of mutation
 o - a potion of degeneration {unknown}
 p - a potion of ambrosia {unknown}


   Skills:
 * Level 3.5 Fighting
 * Level 4.1 Dodging
 + Level 3.6 Stealth
 * Level 4.6 Unarmed Combat
 + Level 1.8 Evocations
 * Level 4.3 Shapeshifting


You had 6 spell levels left.
You didn't know any spells.
Your spell library contained the following spells:

 Spells                   Type           Power      Damage    Failure   Level
 Apportation              Tloc           0%         N/A       32%         1
 Necrotise                Necr           0%         1d4       32%         1
 Sting                    Conj/Alch      0%         1d3       32%         1
 Summon Small Mammal      Summ           0%         N/A       32%         1
 Jinxbite                 Hex            0%         N/A       45%         2
 Yara's Violent Unravell  Hex/Alch       0%         3d3       100%        5
 Enfeeble                 Hex            0%         N/A       100%        7


Dungeon Overview and Level Annotations

Branches:
Dungeon (5/15)             Temple (1/1) D:4

Altars:
Ashenzari
Cheibriados
Dithmenos
Elyvilon
Fedhas
Gozag
Hepliaklqana
Kikubaaqudgha
Makhleb
Nemelex Xobeh
Okawaru
Qazlal
Ru
Sif Muna
Trog
Uskayaw
Vehumet
Wu Jian
Xom
Yredelemnul
Zin
The Shining One

Shops:
D:2 ?

Annotations:
D:3 2 transporters, cforsyth's ghost, amateur DjWr
D:4 1 runed translucent door, Crazy Yiuf


Innate Abilities, Weirdness & Mutations

You are a hulking beast.
Your limbs bulge with bestial killing power. (Slay +2)
You cannot wear most types of armour.
You are amphibious.
You can wear up to eight rings at the same time.
Your skin changes colour to match your surroundings (Stealth+).
Your rubbery body absorbs attacks. (AC +1, EV +1)
((You are camouflaged when in or above water. (Stealth+)))
You have tentacles for arms and can constrict up to eight enemies at once.


Message History

You kill the orc wizard!
You feel sick. Something hits you.
The orc hits you from afar with a +2 trident of venom.
You are more poisoned.
The orc barely misses you.
You tentacle-slap the orc but do no damage.
You grab the orc. You constrict the orc.
You feel very sick. Something barely misses you. The orc closely misses you. x2
You bludgeon the orc!
You kill the orc!
You feel very sick. The orc closely misses you. Something hits you.
* * * LOW HITPOINT WARNING * * *
Found a shimmering altar of Xom.
You feel sick.
The orc is distracted by your dazzling golden aura.
You hear some strange, mumbled words.
Something tries to affect you, but you resist.
The orc shouts!
Items here: $ )) [.
Okay, then.
You tentacle-slap something.
Reactivating autopickup.
You feel a bit more experienced.
You feel sick.
You tentacle-slap the orc but do no damage.
The orc is no longer distracted by gold.
Your grab misses the orc. You squeeze the orc.
The orc is moderately wounded.
You feel sick.
The orc hits you with a +2 trident of venom.
* * * LOW HITPOINT WARNING * * *
You are lethally poisoned!
You tentacle-slap the orc but do no damage.
Your grab misses the orc.
The orc is moderately wounded.
* * * LOW HITPOINT WARNING * * *
You feel very sick.
The orc hits you with a +2 trident of venom.
You die...
Your body crumbles into a pile of gold.

.....#
#....#####
.....#
#........#
.....#
#........#
.....#
#........#
.....#
#........#
.....#
#........#
.....#
#........#
.....#
#####$.......#
.....#
#....h$......#
.....#
#....o.....!.#
.....#
#............#
.....#
#............#
.....#
#.............#
.....#
#####.........#
.....#
#....^^^..
.....#
#....^_..
.....#


You could see an orc.

Vanquished Creatures
  Eustachio (D:4)
  A scorpion (D:5)
  An orc priest (D:5)
  2 bombardier beetles (D:5)
  A hound (D:5)
  A jelly (D:4)
  An iguana (D:5)
  3 orc wizards (D:5)
  9 adders
  3 gnolls (D:4)
  A white imp (D:5)
  2 dart slugs
  10 orcs
  3 ball pythons
  7 bats
  9 endoplasms
  2 giant cockroaches
  4 goblins
  9 hobgoblins
  4 jackals (D:1)
  2 quokkas
  2 frilled lizards
  3 kobolds
  3 rats (D:1)
84 creatures vanquished.

Notes
Turn   | Place    | Note
-------+----------+-------------------------------------------
     0 | D:1      | timneilson the Octopode Shapeshifter began the quest for
                  | the Orb.
     0 | D:1      | Reached XP level 1. HP: 13/13 MP: 1/1
   159 | D:1      | Reached XP level 2. HP: 18/18 MP: 2/2
   444 | D:1      | Reached skill level 1 in Stealth
   470 | D:1      | Reached XP level 3. HP: 13/23 MP: 3/3
  1291 | D:2      | Found Vaihaohue's Magic Scroll Boutique.
  1374 | D:2      | Reached XP level 4. HP: 27/29 MP: 4/4
  1533 | D:2      | Identified a scroll of acquirement
  1533 | D:2      | Acquired the ring of Udiud {rF+ rN+}
  1814 | D:3      | Found a transporter.
  1892 | D:3      | Found a transporter.
  1896 | D:3      | Noticed cforsyth's ghost (amateur DjWr)
  1993 | D:3      | Found a stormy altar of Qazlal.
  2292 | D:4      | Found a runed translucent door.
  2293 | D:4      | Noticed Crazy Yiuf
  2397 | D:4      | Found a staircase to the Ecumenical Temple.
  2416 | Temple   | Entered the Ecumenical Temple
  2424 | Temple   | Became a worshipper of Gozag Ym Sagoz the Greedy
  2474 | D:4      | Reached XP level 5. HP: 16/34 MP: 5/5
  2520 | D:4      | Found a radiant altar of Vehumet.
  2611 | D:4      | Found a shadowy altar of Dithmenos.
  2638 | D:4      | Noticed Eustachio
  2645 | D:4      | Killed Eustachio
  2646 | D:4      | Reached skill level 1 in Evocations
  2646 | D:4      | Reached XP level 6. HP: 36/41 MP: 6/6
  2707 | D:4      | Found a blossoming altar of Fedhas.
  2968 | D:5      | Entered Level 5 of the Dungeon
  3126 | D:5      | Reached XP level 7. HP: 46/46 MP: 7/7
  3449 | D:5      | Found a shimmering altar of Xom.
  3452 | D:5      | HP: 2/46 [poisoned by an orc]
  3452 | D:5      | Slain by an orc

Illustrated notes

Levels and vault maps discovered:
D:1:      sevenhm_arrival_forest_fort_large_2, layout_basic
D:2:      layout_basic, serial_shops, shop_fountains
D:3:      layout_loops_cross, old_standard_altar, gammafunk_ghost_mausoleum,
          guppyfry_early_lair_pool
D:4:      layout_loops_ring, overflow_temple_1_default,
          nicolae_dithmenos_through_a_glass_darkly, vehumet_crystals,
          temple_fountains, minmay_statues_item, uniq_crazy_yiuf_cottage,
          uniq_eustachio
D:5:      layout_gridville, xom_teletrap_fun, dreamdust_princess_corridor
Temple:   sentei_temple_godly_chess

Skill      XL: |  1  2  3  4  5  6  7 |
---------------+----------------------+-----
Stealth        | 1 2 3 |  3.6
Fighting       | 2 3 |  3.5
Dodging        | 3 4 |  4.1
Unarmed Combat | 4 |  4.6
Evocations     | 1 |  1.8
Shapeshifting  | 4 |  4.3

Action                     |  1- 3 |  4- 6 |  7- 9 || total
---------------------------+-------+-------+-------++-------
  Melee: Unarmed           |    66 |    88 |    32 ||   186
         Constrict         |    16 |    24 |    10 ||    50
         Tentacles         |    13 |    18 |     7 ||    38
         Punch             |     1 |       |     1 ||     2
    Use: Scroll            |     4 |     4 |       ||     8
         Potion            |       |     2 |       ||     2
   Stab: Sleeping          |     6 |     5 |       ||    11
         Distracted        |     1 |       |       ||     1
 Armour: Skin              |    33 |    38 |    19 ||    90
  Dodge: Dodged            |    60 |    53 |    29 ||   142

Table legend: (Time is in decaauts)
 A = Elapsed time spent in this place.
 B = Non-inter-level travel time spent in this place.
 C = Inter-level travel time spent in this place.
 D = Time resting spent in this place.
 E = Time spent auto-exploring this place.
 F = Levels seen in this place.
 G = Mean time per level.
                   A        B        C        D        E       F      G
               +--------+--------+--------+--------+--------+-----+--------+
         Total |   3419 |   3226 |    193 |      0 |   2555 |   6 |  569.8 |
       Dungeon |   3402 |   3216 |    186 |      0 |   2555 |   5 |  680.4 |
        Temple |     16 |      9 |      7 |      0 |      0 |   1 |   16.0 |
               +--------+--------+--------+--------+--------+-----+--------+

Top non-repeatable levels by time:
     D:1: 896 daAuts
     D:2: 683 daAuts
     D:4: 681 daAuts
     D:3: 661 daAuts
     D:5: 480 daAuts
  Temple: 16 daAuts
